 Dungeon Crawl Stone Soup version 0.28.0-43-g3370ac3207 (webtiles) character file.

Game seed: 11926763618136288169

66 uselesstheremin the Ruffian (level 3, -5/36 HPs)
             Began as a Troll Berserker on Mar 22, 2022.
             Was a Follower of Trog.
             Slain by a worm (6 damage)
             ... on level 1 of the Dungeon.
             The game lasted 00:03:21 (934 turns).

uselesstheremin the Ruffian (Troll Berserker)        Turns: 934, Time: 00:03:22

Health: -5/36      AC:  4    Str: 27    XL:     3   Next: 96%
Magic:  2/2        EV: 10    Int:  3    God:    Trog [*.....]
Gold:   58         SH:  0    Dex:  9    Spells: 2/2 levels left

rFire   . . .      SeeInvis .     - Unarmed
rCold   . . .      Faith    .   (no shield)
rNeg    . . .      Spirit   .   a - +0 animal skin
rPois   .          Reflect  .   (helmet restricted)
rElec   .          Harm     .   (no cloak)
rCorr   .          Rampage  .   (gloves unavailable)
Will    ++...                   (boots unavailable)
Stlth   +.........              (no amulet)
HPRegen 1.92/turn               (no ring)
MPRegen 0.08/turn               (no ring)

@: strong-willed, regenerating
A: large, unfitting armour, claws 3, regeneration 1, shaggy fur 1, tough skin 1
a: Renounce Religion, Berserk


You were on level 1 of the Dungeon.
You worshipped Trog.
Trog was aware of your devotion.
You visited 1 branch of the dungeon, and saw 2 of its levels.

You collected 58 gold pieces.

Inventory:

Missiles
 j - 2 boomerangs (quivered)
Armour
 a - a +0 animal skin (worn)
Jewellery
 g - an amulet of faith
Scrolls
 b - a scroll of magic mapping {unknown}
 c - a scroll of fog {unknown}
 d - a scroll of teleportation {unknown}
 e - a scroll of amnesia {unknown}
Potions
 f - a potion of mutation {unknown}
 h - a potion of brilliance {unknown}
 i - a potion of berserk rage {unknown}


   Skills:
 + Level 2.8 Fighting
 + Level 3.1 Dodging
 + Level 0.1 Stealth
 + Level 3.7 Unarmed Combat


You had 2 spell levels left.
You didn't know any spells.
Your spell library was empty.

Dungeon Overview and Level Annotations

Branches:
Dungeon (2/15)

Altars:

Annotations:
D:2 Robin


Innate Abilities, Weirdness & Mutations

You are too large for most types of armour.
You have claws for hands.
Your natural rate of healing is unusually fast.
You are covered in fur. (AC +1)
You have tough skin. (AC +1)


Message History

You claw the goblin!
You kill the goblin!
Trog accepts your kill.
You can now call upon Trog for regeneration and willpower.
You climb downwards.
Level annotation: Robin The goblin completely misses you.
The goblin barely misses you.
Robin roars a battlecry!
The goblins go into a battle-frenzy!
The goblin closely misses you. The hobgoblin hits you.
The worm closely misses you. The goblin hits you with a +0 club. x2
The goblin closely misses you. The hobgoblin closely misses you.
There is a stone staircase leading up here.
The goblin hits you with a +0 club. x2; The goblin closely misses you.
The worm bites you! The goblin hits you with a +0 club.
* * * LOW HITPOINT WARNING * * *
The hobgoblin closely misses you.
You climb upwards.
There is a stone staircase leading down here.
Your skin crawls.
You feel strong-willed.
You can no longer call upon Trog for regeneration and willpower.
The goblin hits you with a +0 club.
* * * LOW HITPOINT WARNING * * *
The goblin misses you. The goblin barely misses you. The hobgoblin hits you.
* * * LOW HITPOINT WARNING * * *
The worm bites you.
* * * LOW HITPOINT WARNING * * *
You closely miss the goblin. The goblin hits you with a +0 club.
* * * LOW HITPOINT WARNING * * *
The goblin completely misses you. The goblin hits you with a +0 club.
* * * LOW HITPOINT WARNING * * *
The hobgoblin hits you but does no damage.
You barely miss the goblin. The goblin hits you but does no damage.
The goblin hits you with a +0 club.
* * * LOW HITPOINT WARNING * * *
The goblin hits you with a +0 club.
* * * LOW HITPOINT WARNING * * *
The worm bites you.
You die...

######.# #.#
#..........#
#......# #.#
#....∩.....#
#.###### #.#
##.........# #.#
#.# ##........#
##.## #.#
###.######.# ....#
#.# #...)......#
....# #.#
#.########## ....#
#.# ##g##
....#######.###g@g#
...............g#w#
...########.###g..#
............# #####
#############


You could see a worm, a hobgoblin (strong) and 4 goblins.

Vanquished Creatures
  Jessica (D:1)
  A gnoll (D:1)
  3 dart slugs (D:1)
  2 ball pythons (D:1)
  2 endoplasms (D:1)
  2 giant cockroaches (D:1)
  5 hobgoblins (D:1)
  A frilled lizard (D:1)
  4 goblins (D:1)
  3 rats (D:1)
24 creatures vanquished.

Vanquished Creatures (others)
  3 plants (D:1)
  4 withered plants (D:1)
7 creatures vanquished.

Grand Total: 31 creatures vanquished

Notes
Turn   | Place    | Note
-------+----------+-------------------------------------------
     0 | D:1      | uselesstheremin the Troll Berserker began the quest for the
                  | Orb.
     0 | D:1      | Reached XP level 1. HP: 22/22 MP: 0/0
   282 | D:1      | Found a faded altar of an unknown god.
   312 | D:1      | Reached XP level 2. HP: 29/29 MP: 1/1
   910 | D:2      | Noticed Jessica
   910 | D:2      | Noticed Robin
   917 | D:1      | Killed Jessica
   918 | D:1      | Reached XP level 3. HP: 34/36 MP: 2/2
   927 | D:1      | Reached ** piety under Trog
   934 | D:1      | HP: 1/36 [goblin/+0 club[Robin] (2)]
   934 | D:1      | Slain by a worm

Illustrated notes

Levels and vault maps discovered:
D:1:      wander_arrival_desolate, layout_loops_ring,
          shapermc_ecumenical_altar_flowoftime
D:2:      layout_basic, st_stairs_2, uniq_jessica, uniq_robin

Skill      XL: |  1  2 |
---------------+-------+-----
Dodging        | 3 |  3.1
Fighting       | |  2.8
Stealth        | |  0.1
Unarmed Combat | |  3.7

Action                   || total
-------------------------++-------
Melee: Unarmed           ||    81
Invok: Trog's Hand       ||     1
Armor: Animal skin       ||    16
Dodge: Dodged            ||    33
